 Dungeon Crawl Stone Soup version 0.21-a0-426-g98080a9 (webtiles) character file.

13146 4thArraOfDagon the Spear-Bearer (level 11, -3/89 HPs)
             Began as a Demigod Venom Mage on Nov 7, 2017.
             Slain by an eight-headed hydra (13 damage)
             ... on level 1 of the Lair of Beasts.
             The game lasted 00:44:44 (8762 turns).

4thArraOfDagon the Spear-Bearer (DgVM)              Turns: 8762, Time: 00:44:45

Health: -3/89      AC:  5    Str: 11    XL:     11   Next: 44%
Magic:  25/25      EV: 13    Int: 25    God:
Gold:   151        SH:  0    Dex: 18    Spells: 5/24 levels left

rFire    . . .     SeeInvis .   R - +9 demon trident (vamp)
rCold    . . .     Gourm    .   (no shield)
rNeg     + . .     Faith    .   O - +0 troll leather armour
rPois    +         Spirit   .   J - -2 helmet of Utaak {rPois}
rElec    .         Reflect  .   (no cloak)
rCorr    .         Harm     .   t - +0 pair of gloves
MR       +....                  (no boots)
Stlth    ++........             (no amulet)
HPRegen  0.64/turn              i - ring of positive energy
MPRegen  0.19/turn              v - ring of flight

@: no status effects
A: agile 1, high mp 1, screaming 1
a: Evoke Flight


You were on level 1 of the Lair of Beasts.
You were not hungry.

You visited 3 branches of the dungeon, and saw 16 of its levels.

You collected 1252 gold pieces.
You spent 1101 gold pieces at shops.

Inventory:

Hand Weapons
 h - a +3 dagger of venom
 n - a +2 flail of crushing
 y - a +5 club
 H - a +0 trident
 R - a +9 vampiric demon trident (weapon)
Missiles
 q - a throwing net (quivered)
 M - 4 javelins of returning
Armour
 a - a +0 robe
 l - a +0 helmet
 t - a +0 pair of gloves (worn)
 u - a +0 ring mail
 z - a +0 scale mail of cold resistance
 D - a +1 hat
 I - a +2 chain mail of poison resistance
 J - the -2 helmet of Utaak (worn) {rPois}
   (You bought it in a shop on level 7 of the Dungeon)

   It protects you from poison.
 L - the +1 robe of Ditruc {rCorr, unknown}
   (You found it on level 8 of the Dungeon)

   It protects you from acid and corrosion.
 O - a +0 troll leather armour (worn)
Magical Staves
 k - an uncursed staff of conjuration {unknown}
Jewellery
 i - a ring of positive energy (left hand)
 v - a ring of flight (right hand)
Wands
 w - a wand of lightning (0/15)
 x - a wand of flame (6/48)
 C - a wand of enslavement (9/24)
 N - a wand of paralysis (18/24)
Scrolls
 e - 3 scrolls of recharging
 f - a scroll of blinking
 j - 2 scrolls of noise
 m - 3 scrolls of amnesia {unknown}
 o - a scroll of remove curse
 r - 6 scrolls of immolation {unknown}
 A - a scroll of enchant weapon
 B - 2 scrolls of fog {unknown}
 E - a scroll of random uselessness {unknown}
 G - 2 scrolls of magic mapping
 P - 2 scrolls of fear {unknown}
 W - a scroll of teleportation
Potions
 d - 6 potions of agility
 g - 3 potions of might
 p - 2 potions of flight
 s - 3 potions of curing
 F - a potion of ambrosia
 S - a potion of lignification {unknown}
 T - a potion of brilliance {unknown}
 U - a potion of haste
 V - a potion of mutation {unknown}
Books
 b - a Young Poisoner's Handbook

   Spells                             Type                      Level
   a - Sting                          Conjuration/Poison           1
   b - Poisonous Vapours              Poison/Air                   2
   c - Mephitic Cloud                 Conjuration/Poison/Air       3
   d - Olgreb's Toxic Radiance        Poison                       4
   e - Venom Bolt                     Conjuration/Poison           5
 Q - a book of the Earth

   Spells                             Type                      Level
   a - Leda's Liquefaction            Hexes/Earth                  4
   b - Bolt of Magma                  Conjuration/Fire/Earth       5
   c - Statue Form                    Transmutation/Earth          6
   d - Iron Shot                      Conjuration/Earth            6
   e - Shatter                        Earth                        9
Comestibles
 c - 11 bread rations
 K - 3 meat rations


   Skills:
 - Level 6.1 Fighting
 - Level 9.1 Polearms
 - Level 6.1 Armour
 - Level 3.0 Dodging
 - Level 1.7 Stealth
 + Level 7.1 Spellcasting
 - Level 2.5 Conjurations
 * Level 5.6 Transmutations
 * Level 5.6 Earth Magic
 - Level 3.6 Poison Magic


You had 5 spell levels left.
You knew the following spells:

 Your Spells              Type           Power        Failure   Level  Hunger
a - Sting                 Conj/Pois      ###.         2%          1    None
b - Mephitic Cloud        Conj/Pois/Air  ###.....     11%         3    None
c - Statue Form           Tmut/Erth      #####....    77%         6    ######.
d - Shatter               Erth           #####.....   100%        9    #######


Dungeon Overview and Level Annotations

Branches:
Dungeon (12/15)            Temple (0/1) D:6            Lair (2/6) D:11
    Orc (2/2) D:11            Elf (0/3) Orc:2
  Swamp: Lair:2-4    Shoals: Lair:2-4     Snake: Lair:2-4    Spider: Lair:2-4

Shops:
D:7 :*[   D:11 (

Annotations:
D:3 MirrMurr's ghost, amateur MfBe
D:8 Grum
D:9 EnegeticOcto's ghost, novice TrHu
D:12 Sonja
Lair:2 Nergalle


Innate Abilities, Weirdness & Mutations

You have an increased reservoir of magic. (+10% MP)
You are agile. (Dex +2)
You occasionally shout uncontrollably at your foes.


Message History

The bullfrog hits you but does no damage.
Unknown command.
The bullfrog barely misses you.
Unknown command.
The bullfrog barely misses you.
Unknown command.
Found a fruit.
Unknown command.
Found 21 gold pieces.
Unknown command.
You see here a scroll of teleportation.
Unknown command.
W - a scroll of teleportation The eight-headed hydra bites you! x4; The eight-headed hydra misses you.
The eight-headed hydra bites you!
* * * LOW HITPOINT WARNING * * *
The eight-headed hydra bites you!
* * * LOW HITPOINT WARNING * * *
The eight-headed hydra bites you!
You die...

#................................
......... ....................
.>....... ....................
......... ....................
#####.... ####.#.#..[##.##P###
..# # # ###....### ##
.####.#######...##..#
........F...........
.$%....@DH..........
........H...........
#.##.######....##.## # #...## ##
#...# ....# #.... #...## ##


You could see an eight-headed hydra, 2 hippogriffs and a bullfrog.

Vanquished Creatures
  Snorg (D:10)
  4 two-headed ogres
  A cyclops (Orc:2)
  An orc sorcerer (Orc:2)
  Joseph (D:8)
  Psyche (D:8)
  2 trolls
  2 polar bears (Lair:1)
  Prince Ribbit (D:9)
  3 hippogriffs
  6 yaks (Lair:1)
  A basilisk (Lair:1)
  2 hungry ghosts (D:11)
  A warg (Orc:2)
  A soldier ant (D:11)
  2 water moccasins
  A porcupine (Lair:2)
  4 sky beasts
  8 orc warriors
  3 black bears
  An eye of draining (D:11)
  2 ice beasts
  7 ogres
  2 phantoms (D:10)
  A wolf (D:8)
  2 crocodiles (D:11)
  3 centaurs
  8 bullfrogs
  5 scorpions
  4 wights (D:9)
  5 howler monkeys
  3 crimson imps
  A centaur zombie (D:6)
  2 bullfrog zombies
  10 orc wizards
  A bullfrog skeleton (D:10)
  10 orc priests
  2 centaur skeletons
  6 hounds
  A jelly (D:7)
  An iguana (D:11)
  Ijyb (D:4)
  8 worker ants
  A hound zombie (D:10)
  12 gnolls
  10 adders
  2 shadow imps
  An ooze (D:7)
  An adder zombie (D:5)
  4 worms
  3 dart slugs
  5 leopard geckos
  30 orcs
  A ball python (D:7)
  4 giant cockroaches
  3 hobgoblins
  6 jackals
  3 kobolds
  4 quokkas
  6 bats
  3 frilled lizards
  6 goblins
  4 rats
241 creatures vanquished.

Vanquished Creatures (others)
  A spiny frog (Lair:1)
  A rime drake (Lair:2)
  A fungus (Lair:1)
3 creatures vanquished.

Grand Total: 244 creatures vanquished

Notes
Turn   | Place    | Note
-------+----------+-------------------------------------------
     0 | D:1      | 4thArraOfDagon the Demigod Venom Mage began the quest for the Orb.
     0 | D:1      | Reached XP level 1. HP: 14/14 MP: 5/5
    24 | D:1      | Reached skill level 1 in Conjurations
   290 | D:1      | Reached XP level 2. HP: 12/20 MP: 4/7
   444 | D:2      | Reached XP level 3. HP: 7/26 MP: 0/8
   485 | D:2      | Learned a level 3 spell: Mephitic Cloud
   662 | D:2      | Found a burning altar of Makhleb.
   662 | D:2      | Noticed a green death
   766 | D:3      | Noticed MirrMurr's ghost (amateur MfBe)
   844 | D:3      | Reached XP level 4. HP: 33/33 MP: 4/9
  1005 | D:4      | Found a hide-covered altar of Uskayaw.
  1006 | D:4      | Found a shattered altar of Ashenzari.
  1006 | D:4      | Found a radiant altar of Vehumet.
  1007 | D:4      | Found a shadowy altar of Dithmenos.
  1053 | D:3      | Reached skill level 1 in Fighting
  1102 | D:3      | Found a sacrificial altar of Ru.
  1154 | D:3      | Reached XP level 5. HP: 32/42 MP: 1/11
  1391 | D:5      | Entered Level 5 of the Dungeon
  1527 | D:5      | Reached XP level 6. HP: 30/52 MP: 5/12
  1612 | D:5      | Found a burning altar of Makhleb.
  1780 | D:4      | Noticed Ijyb
  1795 | D:4      | Killed Ijyb
  1923 | D:6      | Reached XP level 7. HP: 54/60 MP: 15/15
  1972 | D:6      | Reached skill level 5 in Fighting
  2232 | D:7      | Reached skill level 5 in Spellcasting
  2417 | D:6      | Found a staircase to the Ecumenical Temple.
  2567 | D:7      | Reached XP level 8. HP: 57/70 MP: 10/19
  2604 | D:7      | Found Dyretkat's Desiderata Depot.
  2675 | D:6      | Gained mutation: You are agile. (Dex +2) [mutagenic meat]
  2676 | D:6      | Gained mutation: Your muscles are strong. (Str +2) [mutagenic meat]
  2677 | D:6      | Lost mutation: Your muscles are strong. (Str +2) [mutagenic meat]
  2678 | D:6      | Gained mutation: You occasionally shout uncontrollably at your foes. [mutagenic meat]
  3047 | D:7      | Reached skill level 1 in Polearms
  3053 | D:7      | Found Jatsadimp's Book Shoppe.
  3147 | D:7      | Reached skill level 2 in Polearms
  3158 | D:7      | Found Eguewask's Antique Armour Emporium.
  3166 | D:7      | Bought a warped helmet for 237 gold pieces
  3176 | D:7      | Identified the cursed -2 helmet of Utaak {rPois} (You bought it in a shop on level 7 of the Dungeon)
  3409 | D:8      | Noticed a two-headed ogre
  3437 | D:8      | Killed a two-headed ogre
  3437 | D:8      | Reached skill level 4 in Polearms
  3455 | D:8      | Reached XP level 9. HP: 70/75 MP: 11/21
  3470 | D:8      | Noticed Grum
  3558 | D:8      | Noticed Joseph
  3586 | D:8      | Killed Joseph
  3586 | D:8      | Reached skill level 5 in Polearms
  3889 | D:9      | Reached skill level 6 in Polearms
  4042 | D:9      | Found a hazy altar of Hepliaklqana.
  4160 | D:9      | Noticed EnegeticOcto's ghost (novice TrHu)
  4206 | D:9      | Reached skill level 7 in Polearms
  4251 | D:9      | jacquesderrida: Dergon
  4301 | D:9      | 4thArraOfDagon: jade!
  4360 | D:9      | Noticed Prince Ribbit
  4408 | D:10     | Entered Level 10 of the Dungeon
  4652 | D:10     | Reached skill level 5 in Armour
  4680 | D:10     | Noticed Snorg
  4699 | D:9      | Killed Prince Ribbit
  4699 | D:9      | Reached XP level 10. HP: 62/83 MP: 14/22
  4795 | D:10     | Noticed a two-headed ogre
  4802 | D:10     | Killed a two-headed ogre
  4802 | D:10     | Reached skill level 8 in Polearms
  4895 | D:10     | Noticed a two-headed ogre
  4918 | D:10     | Killed a two-headed ogre
  4992 | D:10     | jacquesderrida: Thank you
  5043 | D:10     | Found a blossoming altar of Fedhas.
  5089 | D:11     | 4thArraOfDagon: good to see you
  5097 | D:11     | Reached skill level 9 in Polearms
  5121 | D:11     | 4thArraOfDagon: me too !
  5203 | D:10     | jacquesderrida: Dam son, daganz
  5218 | D:10     | jacquesderrida: u alice
  5227 | D:10     | jacquesderrida: u alive
  5252 | D:10     | jacquesderrida: Polski meng
  5259 | D:10     | Learned a level 6 spell: Statue Form
  5271 | D:11     | Found a staircase to the Orcish Mines.
  5276 | D:11     | Found Peecid's Weapon Boutique.
  5455 | Orc:1    | Entered Level 1 of the Orcish Mines
  5515 | Orc:1    | Reached skill level 1 in Transmutations
  5530 | Orc:1    | Reached skill level 1 in Earth Magic
  5665 | Orc:2    | Entered Level 2 of the Orcish Mines
  5665 | Orc:2    | Noticed a cyclops
  5682 | Orc:2    | Killed a cyclops
  5728 | Orc:2    | Found a bloodstained altar of Trog.
  5744 | Orc:2    | Found a staircase to the Elven Halls.
  5770 | Orc:1    | Noticed a two-headed ogre
  5873 | Orc:2    | Killed a two-headed ogre
  6095 | Orc:2    | Noticed an orc sorcerer
  6111 | Orc:2    | Killed an orc sorcerer
  6698 | D:11     | Bought a +5 vampiric demon trident for 864 gold pieces
  6716 | D:11     | Learned a level 9 spell: Shatter
  6755 | D:11     | Reached XP level 11. HP: 89/89 MP: 24/24
  6968 | D:12     | Noticed Sonja
  7039 | D:9      | Found an opulent altar of Gozag.
  7171 | D:8      | Noticed Psyche
  7180 | D:8      | Killed Psyche
  7491 | D:8      | Got a brightly glowing robe
  8056 | D:10     | p0werm0de: jacquesderrida had birthday on 5th of november!! he a scorpion
  8070 | D:10     | Killed Snorg
  8081 | D:10     | p0werm0de: all bow down hail and congratulate!!
  8145 | D:11     | p0werm0de: :D
  8210 | D:11     | Found a staircase to the Lair.
  8239 | Lair:1   | Entered Level 1 of the Lair of Beasts
  8333 | Lair:1   | Reached skill level 5 in Transmutations
  8333 | Lair:1   | Reached skill level 5 in Earth Magic
  8400 | Lair:1   | Noticed an eight-headed hydra
  8464 | Lair:2   | Noticed Nergalle
  8471 | Lair:2   | Noticed an eight-headed hydra
  8762 | Lair:1   | Slain by an eight-headed hydra

Vault maps used:
D:1:      minmay_arrival_three_doors, serial_bayou_lagoon_a
D:2:      first_bread, makhleb_altar_promises_db
D:3:      minitemple, grunt_ministairs_13, minivault_25,
          nicolae_ru_great_annihilating_truth
D:4:      chequers_temple_overflow_statue_of_worship, uniq_ijyb
D:5:      basic_altar, sigmund_edmund_badplayer
D:6:      minmay_temple_entry_from_below_b, nemelex_altar_shiori
D:7:      serial_shops, nicolae_shop_behind_doors,
          nicolae_shop_overgrown_old_shop, nicolae_alphabet_shops
D:8:      uniq_joseph, uniq_psyche, uniq_grum
D:9:      lemuel_crystal_altar, lemuel_crystal_altar, uniq_prince_ribbit1
D:10:     fedhas_altar_4, uniq_snorg
D:11:     grunt_lair_entry_orc_guard_hut, orc_david_3
D:12:     basic_altar, uniq_sonja, uniq_azrael
Lair:1:   beast_lair_carwin_large_2, serial_bayou_shore_b,
          minmay_lair_oklob_chamber
Lair:2:   uniq_nergalle
Orc:2:    pf_orc_diabolical, basic_altar, lightli_orcish_oven

Skill      XL: |  1  2  3  4  5  6  7  8  9 10 11 |
---------------+----------------------------------+-----
Conjurations   | 1 2 |  2.5
Poison Magic   | 3 |  3.6
Spellcasting   | 2 3 5 6 7 |  7.1
Fighting       | 2 4 5 6 |  6.1
Dodging        | 3 |  3.0
Polearms       | 4 7 9 |  9.1
Armour         | 2 5 6 |  6.1
Transmutations | 3 5 |  5.6
Earth Magic    | 3 5 |  5.6
Stealth        | |  1.7

Action                   |  1- 3 |  4- 6 |  7- 9 | 10-12 || total
-------------------------+-------+-------+-------+-------++-------
Melee: Unarmed           |     8 |       |       |       ||     8
       Dagger            |    14 |   106 |   335 |   218 ||   673
       Flail             |       |    11 |    71 |    62 ||   144
       Demon trident     |       |       |       |   159 ||   159
 Cast: Sting             |    58 |    45 |    68 |    29 ||   200
       Mephitic Cloud    |       |     5 |    28 |    21 ||    54
Evoke: Wand              |       |       |     6 |     7 ||    13
  Use: Potion            |       |     3 |       |     2 ||     5
       Scroll            |       |       |    11 |    13 ||    24
 Stab: Invisible         |       |     2 |       |       ||     2
       Paralysed         |       |     1 |     3 |     4 ||     8
       Sleeping          |       |     3 |     2 |     2 ||     7
       Confused          |       |     3 |     5 |    13 ||    21
       Distracted        |       |       |     1 |     1 ||     2
  Eat: Chunk             |       |     3 |    14 |     6 ||    23
       Royal jelly       |       |     1 |       |     5 ||     6
       Bread ration      |       |       |       |     1 ||     1
       Meat ration       |       |       |       |     1 ||     1
Armor: Robe              |     5 |     9 |       |       ||    14
       Ring mail         |       |     8 |   110 |       ||   118
       Troll leather arm |       |       |    15 |    79 ||    94
Dodge: Dodged            |    26 |    68 |   209 |   261 ||   564

Table legend:
 A = Spawn XP
 B = Non-spawn XP
 C = Spawn XP percentage of total XP
 D = Spawn monster count
 E = Non-spawn monster count
 F = Spawn count percentage of total count
 G = Total turns spent on level
                    A         B        C        D         E        F      G
               +---------+---------+-------+---------+---------+-------+---------
         Total |       0 |   18781 |   0.0 |       0 |     241 |   0.0 |  8762
               +---------+---------+-------+---------+---------+-------+---------
           D:1 |       0 |      16 |   0.0 |       0 |       9 |   0.0 |   332
           D:2 |       0 |      69 |   0.0 |       0 |      19 |   0.0 |   378
           D:3 |       0 |     161 |   0.0 |       0 |      16 |   0.0 |   379
           D:4 |       0 |     124 |   0.0 |       0 |       8 |   0.0 |   371
           D:5 |       0 |     408 |   0.0 |       0 |      13 |   0.0 |   393
           D:6 |       0 |     827 |   0.0 |       0 |      28 |   0.0 |   687
           D:7 |       0 |     785 |   0.0 |       0 |      19 |   0.0 |   701
           D:8 |       0 |    2395 |   0.0 |       0 |      14 |   0.0 |  1101
           D:9 |       0 |    1621 |   0.0 |       0 |      22 |   0.0 |   815
          D:10 |       0 |    3781 |   0.0 |       0 |      23 |   0.0 |  1143
          D:11 |       0 |    1921 |   0.0 |       0 |      21 |   0.0 |   695
        Lair:1 |       0 |    2580 |   0.0 |       0 |      13 |   0.0 |   435
        Lair:2 |       0 |     281 |   0.0 |       0 |       2 |   0.0 |    88
         Orc:1 |       0 |     756 |   0.0 |       0 |       5 |   0.0 |   215
         Orc:2 |       0 |    3056 |   0.0 |       0 |      29 |   0.0 |  1025
               +---------+---------+-------+---------+---------+-------+---------
